 Dungeon Crawl Stone Soup version 0.21.1-1-g345015f (webtiles) character file.

292 Hasart the Shield-Bearer (level 6, -1/72 HPs)
             Began as a Formicid Fighter on Mar 31, 2018.
             Was an Initiate of Makhleb.
             Killed by divine providence
             ... invoked by an orc priest
              (10 damage)
             ... on level 4 of the Dungeon.
             The game lasted 00:04:22 (3357 turns).

Hasart the Shield-Bearer (Formicid Fighter)         Turns: 3357, Time: 00:04:23

Health: -1/72      AC: 23    Str: 28    XL:     6   Next: 59%
Magic:  6/6        EV:  2    Int:  7    God:    Makhleb [......]
Gold:   141        SH: 10    Dex: 10    Spells: 5/5 levels left

rFire    . . .     SeeInvis .   a - +0 trident
rCold    . . .     Gourm    .   c - +0 shield
rNeg     + + +     Faith    .   (armour currently unavailable)
rPois    +         Spirit   .   (helmet unavailable)
rElec    .         Reflect  .   (cloak currently unavailable)
rCorr    .         Harm     .   (gloves currently unavailable)
MR       .....                  (boots currently unavailable)
Stlth    +.........             (no amulet)
HPRegen  0.22/turn              (no ring)
MPRegen  0.10/turn              (no ring)

@: mighty, lethally poisoned (-1 -> -17), tree-form
A: permanent stasis, dig shafts and tunnels, four strong arms
a: Renounce Religion


You were on level 4 of the Dungeon.
You worshipped Makhleb.
Makhleb was noncommittal.
You were not hungry.
You were a tree.
You visited 1 branch of the dungeon, and saw 4 of its levels.

You collected 141 gold pieces.

Inventory:

Hand Weapons
 a - a +0 trident (weapon)
Armour
 b - a +0 scale mail (melded)
 c - a +0 shield (worn)
Scrolls
 g - 3 scrolls of teleportation {unknown}
 h - 5 scrolls of identify {unknown}
 k - a scroll of fog {unknown}
 n - a scroll of amnesia {unknown}
 o - 2 scrolls of remove curse {unknown}
 p - a scroll of enchant armour {unknown}
 q - a scroll of immolation {unknown}
Potions
 e - a potion of lignification
 i - a potion of magic {unknown}
 j - 2 potions of curing {unknown}
 l - a potion of resistance {unknown}
Comestibles
 f - 8 rations
 m - 2 chunks of flesh


   Skills:
 + Level 4.2 Fighting
 * Level 4.0 Polearms
 + Level 4.2 Armour
 + Level 2.0 Dodging
 + Level 4.6 Shields
 + Level 0.9 Invocations


You had 5 spell levels left.
You didn't know any spells.

Dungeon Overview and Level Annotations

Branches:
Dungeon (4/15)
 Temple: D:4-7

Altars:
Ashenzari
Cheibriados
Makhleb


Innate Abilities, Weirdness & Mutations

You cannot be hasted, slowed, berserked, paralysed or teleported.
You can dig through walls and to a lower floor.
Your four strong arms can wield two-handed weapons with a shield.
((You have a pair of large antennae on your head. (SInv)))


Message History

* * * LOW HITPOINT WARNING * * *
A worker ant comes into view.
Unknown command.
The worker ant twitches its antennae in your direction.
You hit the orc priest.
The orc priest is moderately wounded.
* * * LOW HITPOINT WARNING * * *
You feel sick. The orc priest hits you with a dagger.
* * * LOW HITPOINT WARNING * * *
The orc wizard looks satisfied for a moment.
You block the orc priest's attack.
It was a potion of lignification.
You turn into a tree.
Your +0 scale mail melds into your body.
Your roots penetrate the ground.
You feel sick.
The orc wizard hits you but does no damage.
You are lethally poisoned!
You block the orc priest's attack. You block the frilled lizard's attack.
The orc priest calls down the wrath of Beogh upon you.
Beogh smites you!
You die...

#................#
#....
#.................
##.#.
#..................
#)...
#....#.###..(......
#....
#.......[#.##.##.#
#....#.#.#.. .# .#
#....#.#.#.....
..... #.#.#.... .
_.... #.o♣# ..#
#### ..#.
##ool...... ....
.##. ...s###....
.... ......# ..
.... ......... ....
[.a.####. .... ....
. .... ... .. ....
#.#............#


You could see a worker ant, 2 orc priests, an orc wizard, a giant cockroach and
a frilled lizard.

Vanquished Creatures
  An orc priest (D:4)
  A hound (D:4)
  3 iron imps (D:3)
  A worker ant (D:4)
  4 adders
  A shadow imp (D:3)
  An ooze (D:3)
  A worm (D:2)
  5 orcs
  4 giant cockroaches
  5 goblins
  13 hobgoblins
  9 jackals
  4 quokkas
  A bat (D:1)
  5 frilled lizards
  5 kobolds (D:1)
  5 rats
69 creatures vanquished.

Notes
Turn   | Place    | Note
-------+----------+-------------------------------------------
     0 | D:1      | Hasart the Formicid Fighter began the quest for the Orb.
     0 | D:1      | Reached XP level 1. HP: 18/18 MP: 1/1
   142 | D:1      | Reached XP level 2. HP: 22/24 MP: 2/2
   204 | D:1      | Found a shattered altar of Ashenzari.
   664 | D:1      | Reached XP level 3. HP: 29/29 MP: 3/3
   935 | D:2      | Reached skill level 1 in Dodging
  1593 | D:2      | Reached XP level 4. HP: 26/35 MP: 4/4
  2516 | D:3      | Reached XP level 5. HP: 42/42 MP: 5/5
  2758 | D:3      | Found a burning altar of Makhleb.
  2794 | D:3      | Reached XP level 6. HP: 16/48 MP: 6/6
  2806 | D:3      | Became a worshipper of Makhleb the Destroyer
  3345 | D:4      | Found a snail-covered altar of Cheibriados.
  3357 | D:4      | Killed from afar by an orc priest

Skill      XL: |  1  2  3  4  5  6 |
---------------+-------------------+-----
Dodging        | 1 2 |  2.0
Shields        | 4 |  4.6
Polearms       | 3 4 |  4.0
Fighting       | 4 |  4.2
Armour         | 4 |  4.2
Invocations    | |  0.9

Action                   |  1- 3 |  4- 6 || total
-------------------------+-------+-------++-------
Melee: Trident           |   127 |   170 ||   297
  Use: Potion            |       |     2 ||     2
  Eat: Chunk             |     2 |     6 ||     8
Armor: Scale mail        |    62 |    50 ||   112
       Skin              |       |     1 ||     1
Dodge: Dodged            |    45 |    63 ||   108
Block: Shield            |    63 |    77 ||   140
